cohdb
Replays
Latest Replays
All Replays
Popular Replays
Top Player Replays
Match Explorer
How It Works
Community
CoH3 Stats
Reddit
Sign in to upload your games and track your stats! →
Sign in with Steam
Match 41106301
Unlisted
Match 41106301
Overview
Messages
Build Orders
End
Selects Special Operations Battlegroup
Selects M29 Weasel Recon Vehicle
M29 Weasel Recon Vehicle
Construct Barracks
Riflemen Squad
Riflemen Squad
Riflemen Squad
Infantry Support Center
Construct Motor Pool
M24 Chaffee Light Tank
Construct Medical Station
Engineer Squad
Selects P-47 Anti-Infantry Loiter
P-47 Anti-Infantry Loiter
M8 Greyhound Armored Car
Selects Raiding Flares
Advanced Logistics
Selects SSF Commando Squad
SSF Commando Squad
SSF Commando Squad
Construct Tank Depot
P-47 Anti-Infantry Loiter
M18 Hellcat Tank Destroyer
M18 Hellcat Tank Destroyer
Selects Assault Operation
P-47 Anti-Infantry Loiter
M18 Hellcat Tank Destroyer
M18 Hellcat Tank Destroyer
SSF Commando Squad
Dr. Jekyll
PutPut-AusarTheVile
*Mule
FeriG
0
0
Comments
sign in to comment!
No comments posted yet!